 Dungeon Crawl Stone Soup version 0.31.0-11-ge490571c62 (console) character file.

Game seed: 12562731912164738942

4676277 erker the Phalangite (level 27, 220/220 HPs)
             Began as a Gnoll Earth Elementalist on Jan 31, 2024.
             Was the Champion of Cheibriados.
             Escaped with the Orb
             ... and 5 runes
             ... and 7 gems on Feb 1, 2024!
             The game lasted 10:15:10 (50844 turns).

erker the Phalangite (Gnoll Earth Elementalist)    Turns: 50844, Time: 10:15:10

Health: 220/220    AC: 47    Str: 30    XL:     27
Magic:  26/55      EV: 21    Int: 41    God:    Cheibriados [******]
Gold:   2552       SH: 17    Dex: 27    Spells: 8/65 levels left

rFire   + + +        e - +6 long sword {heavy, rN+ Str+4 SInv}
rCold   + + +        G - +0 kite shield {AC+3}
rNeg    + + +        c - +11 gold dragon scales
rPois   +            s - -2 hat of the Alchemist {rElec rPois rF+ rC+ rN+ Will+ rMut rCorr}
rElec   +            X - +4 dragonskin cloak
rCorr   +            B - +2 pair of gloves
SInv    +            E - +4 pair of boots of Qeubus {rF+++ rN+ MP+9 SInv}
Will    ++++.        u - amulet of regeneration
Stlth   +            U - ring of wizardry
HPRegen 1.36/turn    v - ring "Wuucs" {rElec rC+ Will+ AC+4}
MPRegen 0.34/turn

%: resist mutation, wizardry (x1)
@: studying 3 skills, very slow
A: fangs 1, strong nose, distributed training, deformed body
0: Orb of Zot
}: 5/15 runes: decaying, slimy, silver, abyssal, gossamer
a: Renounce Religion, Bend Time, Temporal Distortion, Slouch, Step From Time


You escaped.
You worshipped Cheibriados.
Cheibriados was exalted by your worship.
You visited 11 branches of the dungeon, and saw 53 of its levels.
You visited the Abyss 1 time.
You also visited: Sewer and Bailey.

You collected 6371 gold pieces.
You spent 3819 gold pieces at shops.

Inventory:

Hand Weapons
 a - the +8 dagger of the Beast {freeze, rC+ Int+2}
   (You took it off a deep elf demonologist on level 5 of the Vaults)

   Int+2:     It affects your intelligence (+2).
   rC+:       It protects you from cold.
 b - a +9 broad axe
 e - the +6 long sword "Uboenus" (weapon) {heavy, rN+ Str+4 SInv}
   (You found it on level 3 of the Elven Halls)

   Str+4:     It affects your strength (+4).
   rN+:       It protects you from negative energy.
   SInv:      It lets you see invisible.
 z - a +2 double sword of electrocution
Missiles
 m - 10 curare-tipped darts (quivered)
 J - 17 silver javelins
Armour
 c - +11 gold dragon scales (worn)
 p - a scarf of resistance
 s - the -2 hat of the Alchemist (worn) {rElec rPois rF+ rC+ rN+ Will+ rMut rCorr}
   (You bought it in a shop on level 2 of the Orcish Mines)

   rF+:       It protects you from fire.
   rC+:       It protects you from cold.
   rElec:     It insulates you from electricity.
   rPois:     It protects you from poison rN+: It protects you from negative
   energy.
   Will+:     It increases your willpower.
   rCorr:     It protects you from acid and corrosion.
   rMut:      It protects you from mutation.
 B - a +2 pair of gloves (worn)
 E - the +4 pair of boots of Qeubus (worn) {rF+++ rN+ MP+9 SInv}
   (You found it on level 5 of the Pits of Slime)

   rF+++:     It renders you almost immune to fire.
   rN+:       It protects you from negative energy.
   MP+9:      It affects your magic capacity (+9).
   SInv:      It lets you see invisible.
 G - a +0 kite shield of protection (worn)
 X - the +4 dragonskin cloak (worn)
   (You took it off Tiamat on level 1 of the Realm of Zot)

   Avatar's Aegis: It grants the wearer a chance to resist fire, cold, poison,
   electricity, acid, and negative energy.
 Y - the +1 shadow dragon scales "Fumeh" {rElec rN++ Int+2 Stlth++++}
   (You found it on level 1 of the Spider Nest)

   Int+2:     It affects your intelligence (+2).
   rElec:     It insulates you from electricity.
   rN++:      It greatly protects you from negative energy.
   Stlth++++: It makes you much more stealthy.
Jewellery
 u - an amulet of regeneration (around neck)
 v - the ring "Wuucs" (right hand) {rElec rC+ Will+ AC+4}
   (You bought it in a shop on level 4 of the Vaults)

   [ring of protection]

   AC+4:      It affects your AC (+4).
   rC+:       It protects you from cold.
   rElec:     It insulates you from electricity.
   Will+:     It increases your willpower.
 y - the ring of Yreagu {AC+4 Stlth+}
   (You took it off a deep elf elementalist on level 3 of the Elven Halls)

   [ring of protection]

   AC+4:      It affects your AC (+4).
   Stlth+:    It makes you more stealthy.
 I - the ring of Eternal Night {rN++ Will- Int+6 Slay+6}
   (You took it off a tengu reaver on level 5 of the Vaults)

   [ring of intelligence]

   Int+6:     It affects your intelligence (+6).
   Slay+6:    It affects your accuracy & damage with ranged weapons and melee
   (+6).
   rN++:      It greatly protects you from negative energy.
   Will-:     It decreases your willpower.
 U - a ring of wizardry (left hand)
 Z - the ring of the Red Skies {rF+ rC+ Dex+2 SInv}
   (You took it off a frost giant on level 4 of the Vaults)

   [ring of protection from fire]

   Dex+2:     It affects your dexterity (+2).
   rF+:       It protects you from fire.
   rC+:       It protects you from cold.
   SInv:      It lets you see invisible.
Talismans
 r - a talisman of death
Wands
 g - a wand of mindburst (11)
 x - a wand of iceblast (30)
 A - a wand of charming (4)
 L - a wand of quicksilver (16)
Scrolls
 f - 8 scrolls of vulnerability
 k - a scroll of butterflies
 o - 8 scrolls of amnesia
 F - 2 scrolls of fog
 H - 7 scrolls of fear
 M - a scroll of acquirement
 R - 8 scrolls of poison
 S - 9 scrolls of enchant weapon
 T - a scroll of torment
 V - 2 scrolls of revelation
Potions
 d - 3 potions of cancellation
 h - a potion of heal wounds
 i - 15 potions of curing
 l - a potion of magic
 n - 7 potions of brilliance
 t - 4 potions of mutation
 w - a potion of invisibility
 C - 8 potions of resistance
 N - 5 potions of ambrosia
 O - 3 potions of enlightenment
 W - 12 potions of attraction
Miscellaneous
 K - a condenser vane
 Q - a phantom mirror


   Skills:
 + Level 18.9 Fighting
 + Level 18.9 Short Blades
 + Level 18.9 Long Blades
 + Level 18.9 Axes
 + Level 18.9 Maces & Flails
 + Level 22.6 Polearms
 + Level 20.5 Staves
 + Level 18.9 Ranged Weapons
 + Level 18.9 Throwing
 + Level 18.9 Armour
 + Level 19.4 Dodging
 + Level 19.3 Stealth
 + Level 18.9 Shields
 + Level 18.9 Unarmed Combat
 + Level 19.5 Spellcasting
 + Level 16.3 Conjurations
 + Level 16.1 Hexes
 + Level 16.1 Summonings
 + Level 19.4 Necromancy
 + Level 16.1 Translocations
 + Level 16.1 Fire Magic
 + Level 16.1 Ice Magic
 + Level 16.1 Air Magic
 + Level 16.9 Earth Magic
 + Level 16.1 Alchemy
 + Level 20.4 Invocations
 + Level 18.9 Evocations
 + Level 17.5 Shapeshifting


You had 8 spell levels left.
You knew the following spells:

 Your Spells              Type           Power      Damage    Failure   Level
c - Freezing Cloud        Conj/Ice/Air   53%        6-21      1%          5
d - Dispersal             Tloc           53%        N/A       1%          6
e - Enfeeble              Hex            53%        N/A       4%          7
g - Summon Cactus Giant   Summ           53%        N/A       1%          6
i - Irradiate             Conj/Alch      53%        3d29      1%          5
l - Summon Lightning Spi  Summ/Air       100%       N/A       1%          4
m - Summon Mana Viper     Hex/Summ       100%       N/A       1%          5
o - Sublimation of Blood  Necr           100%       N/A       0%          2
p - Ignite Poison         Fire/Alch      100%       N/A       1%          4
u - Yara's Violent Unrav  Hex/Alch       53%        3d20      1%          5
v - Borgnjor's Vile Clut  Necr/Erth      56%        N/A       1%          5
w - Passwall              Erth           100%       N/A       0%          3

Your spell library contained the following spells:

 Spells                   Type           Power      Damage    Failure   Level
 Apportation              Tloc           100%       N/A       0%          1
 Freeze                   Ice            100%       1d10      0%          1
 Magic Dart               Conj           100%       1d8       0%          1
 Necrotise                Necr           100%       1d9       0%          1
 Sandblast                Erth           100%       2d20      0%          1
 Sting                    Conj/Alch      100%       1d9       0%          1
 Summon Small Mammal      Summ           100%       N/A       0%          1
 Call Imp                 Summ           100%       N/A       0%          2
 Cigotuvi's Dreadful Rot  Necr/Alch/Air  100%       N/A       0%          2
 Ensorcelled Hibernation  Hex/Ice        100%       N/A       0%          2
 Jinxbite                 Hex            100%       N/A       0%          2
 Lesser Beckoning         Tloc           100%       N/A       0%          2
 Mercury Vapours          Alch/Air       100%       N/A       0%          2
 Searing Ray              Conj           100%       2d8       0%          2
 Static Discharge         Conj/Air       100%       3-8/arc   0%          2
 Fugue of the Fallen      Necr           100%       N/A       0%          3
 Dazzling Flash           Conj/Hex       100%       N/A       1%          3
 Frozen Ramparts          Ice            100%       1d16      1%          3
 Gell's Gravitas          Tloc           100%       N/A       1%          3
 Hailstorm                Conj/Ice       100%       3d16      1%          3
 Inner Flame              Hex/Fire       100%       N/A       1%          3
 Mephitic Cloud           Conj/Alch/Air  100%       N/A       1%          3
 Ozocubu's Armour         Ice            100%       N/A       1%          3
 Stone Arrow              Conj/Erth      100%       3d13      1%          3
 Summon Ice Beast         Ice/Summ       100%       N/A       1%          3
 Swiftness                Air            100%       N/A       1%          3
 Teleport Other           Tloc           100%       N/A       1%          3
 Tukima's Dance           Hex            100%       N/A       1%          3
 Volatile Blastmotes      Fire/Tloc      100%       2d18      1%          3
 Airstrike                Air            53%        2d(8-24)  1%          4
 Anguish                  Hex/Necr       55%        N/A       1%          4
 Animate Dead             Necr           100%       N/A       1%          4
 Brom's Barrelling Bould  Conj/Erth      100%       2d11      1%          4
 Dimensional Bullseye     Hex/Tloc       53%        N/A       1%          4
 Dispel Undead            Necr           100%       3d31      1%          4
 Flame Wave               Conj/Fire      100%       2d21      1%          4
 Fulminant Prism          Conj/Alch      53%        3d22      1%          4
 Iskenderun's Mystic Bla  Conj/Tloc      100%       2d19      1%          4
 Leda's Liquefaction      Alch/Erth      54%        N/A       1%          4
 Manifold Assault         Tloc           100%       N/A       1%          4
 Martyr's Knell           Necr/Summ      100%       N/A       1%          4
 Olgreb's Toxic Radiance  Alch           100%       N/A       1%          4
 Passage of Golubria      Tloc           100%       N/A       1%          4
 Petrify                  Alch/Erth      100%       N/A       1%          4
 Sticky Flame             Fire/Alch      100%       2d15      1%          4
 Summon Blazeheart Golem  Fire/Summ      100%       N/A       1%          4
 Vhi's Electric Charge    Tloc/Air       100%       N/A       1%          4
 Alistair's Intoxication  Alch           71%        N/A       1%          5
 Arcjolt                  Conj/Air       53%        1d63      1%          5
 Iskenderun's Battlesphe  Conj           100%       2d15      1%          5
 Lee's Rapid Deconstruct  Erth           54%        3d25*     1%          5
 Metabolic Englaciation   Hex/Ice        53%        N/A       1%          5
 Silence                  Hex/Air        53%        N/A       1%          5
 Summon Forest            Summ/Tloc      53%        N/A       1%          5
 Bombard                  Conj/Erth      54%        9d9       1%          6
 Conjure Ball Lightning   Conj/Air       53%        3x3d18    1%          6
 Death Channel            Necr           57%        N/A       1%          6
 Eringya's Noxious Bog    Alch           53%        4d6       1%          6
 Plasma Beam              Fire/Air       53%        2x1d68    1%          6
 Sculpt Simulacrum        Ice/Alch       53%        N/A       1%          6
 Starburst                Conj/Fire      53%        6d14      1%          6
 Haunt                    Necr/Summ      55%        N/A       1%          7
 Monstrous Menagerie      Summ           53%        N/A       4%          7
 Ozocubu's Refrigeration  Ice            53%        4d19      4%          7
 Summon Hydra             Summ           53%        N/A       4%          7
 Infestation              Necr           57%        N/A       8%          8
 Lehudib's Crystal Spear  Conj/Erth      54%        10d13     24%         8
 Discord                  Hex            53%        N/A       28%         8
 Disjunction              Tloc           53%        N/A       28%         8
 Maxwell's Capacitive Co  Air            53%        ∞         28%         8
 Shatter                  Erth           54%        3d41*     95%         9
 Chain Lightning          Conj/Air       53%        3d71      98%         9
 Fire Storm               Conj/Fire      53%        8d14      98%         9


Dungeon Overview and Level Annotations

Branches:
Dungeon (15/15)            Temple (1/1) D:7            Lair (5/5) D:10
  Swamp (4/4) Lair:2       Spider (4/4) Lair:3        Slime (5/5) Lair:4
    Orc (2/2) D:9             Elf (3/3) Orc:2        Vaults (5/5) D:14
  Crypt (0/3) Vaults:2     Depths (4/4) D:15            Zot (5/5) Depths:4
  Sewer (visited)          Bailey (visited)

Altars:
Ashenzari
Cheibriados
Dithmenos
Elyvilon
Fedhas
Gozag
Hepliaklqana
Kikubaaqudgha
Makhleb
Nemelex Xobeh
Okawaru
Qazlal
Ru
Sif Muna
Trog
Uskayaw
Vehumet
Wu Jian
Xom
Yredelemnul
Zin
The Shining One
Jiyva
Lugonu

Shops:
D:4 (   D:11 (   Orc:2 :[*[   Elf:1 *   Vaults:3 *   Vaults:4 =   Depths:2 [

Portals:
Hell: Depths:3 Depths:4
Abyss: Lair:5 Depths:3 Depths:4
Trove: D:15 (give 18 potions of curing)

Annotations:
D:2 1 runed translucent door, Crazy Yiuf
D:3 Sigmund
D:4 1 exclusion
Spider:3 exclusion: orange crystal statue
Depths:2 Vv
Zot:5 1 runed translucent door, Heisao's ghost, legendary TrBe


Innate Abilities, Weirdness & Mutations

You have very sharp teeth.
Your uncanny sense of smell can sniff out nearby items.
Your experience applies equally to all skills.
Armour fits poorly on your strangely shaped body.


Message History

The Hell Sentinel's magic leaks into the air.
You hit the Hell Sentinel.
The Hell Sentinel is lightly wounded.
You block the Hell Sentinel's attack.
The Hell Sentinel hits you but does no damage.
Your mana viper bites the Hell Sentinel but does no damage.
The Hell Sentinel hits you! You block the Hell Sentinel's attack.
You slice the Hell Sentinel!!
The Hell Sentinel is moderately wounded.
Your mana viper bites the Hell Sentinel.
The Hell Sentinel's magic leaks into the air.
Your mana viper bites the Hell Sentinel.
The Hell Sentinel's magic leaks into the air.
The Hell Sentinel completely misses you.
You block the Hell Sentinel's attack.
You slice the Hell Sentinel!!
You bite the Hell Sentinel, but do no damage.
The Hell Sentinel is heavily wounded.
Your mana viper bites the Hell Sentinel but does no damage.
The Hell Sentinel falters for a moment.
Your mana viper bites the Hell Sentinel but does no damage.
You slash the Hell Sentinel!
You bite the Hell Sentinel, but do no damage.
The Hell Sentinel is severely wounded.
Your mana viper bites the Hell Sentinel but does no damage.
The Hell Sentinel falters for a moment.
You strike the helpless Hell Sentinel from behind!
You slice the Hell Sentinel!!
You bite the Hell Sentinel, but do no damage.
The Hell Sentinel is almost dead.
Your mana viper bites the Hell Sentinel but does no damage.
The Hell Sentinel hits you but does no damage.
You block the Hell Sentinel's attack.
Your mana viper bites the Hell Sentinel.
The Hell Sentinel's magic leaks into the air.
You slice the Hell Sentinel!!
You kill the Hell Sentinel!
Cheibriados appreciates the change of pace.
There is a staircase leading out of the dungeon here.
You have escaped!

#####......# #.#...#.##.#..##..
##.....# #.###..##.##......
#.....# ##..###.#.#..#....
#.....# ##.#.###..#.#.#..#
##....# #.##...#.#..#..##. ######
#..### #..####.##..#..##.
#....#####.## ###..#..#.#.....#.
#.##.#......# #..##..##..#..1#.#
#.##.##.#.#.# #@S..#...##.#....#
#.##.##.#.#.#####################
#.#.....#.....###################
#.##########.....................
#.# #...#.....#######.#.###..#...
#.# #.#.####### #...#.# #.>....
#.# #.#.......# #)###.# #.#####
#.# #.#######.# #.#.#.# #.#
#.###.# #.#####...#.###.#


You could see a friendly mana viper (summoned).

Vanquished Creatures
  the Royal Jelly (Slime:5)
  A seraph (D:13)
  8 dread liches
  Tiamat (Zot:1)
  3 ancient liches
  3 orbs of fire
  Mara (Vaults:4)
  Boris (twice) (Zot:3 Depths:2)
  3 Killer Klowns (Zot:5)
  A curse toe (Zot:5)
  The ghost of DizzySkin the Executioner, a veteran MiBe of Trog (Vaults:4)
  3 golden dragons
  2 bone dragons (Abyss:1)
  2 electric golems (Zot:5)
  A Brimstone Fiend (Zot:5)
  2 Hell Sentinels
  An Ice Fiend (Depths:2)
  24 Orb Guardians
  Jorgrun (Spider:1)
  2 deep elf blademasters
  7 titans (Vaults:5)
  3 deep elf master archers (Elf:3)
  3 liches
  10 acid blobs
  8 tentacled monstrosities
  A quicksilver dragon (Zot:3)
  2 sphinxes
  2 tentacled starspawn (Abyss:1)
  5 death cobs
  3 thorn hunters
  5 tengu reavers
  Agnes (Spider:3)
  7 storm dragons
  Roxanne (Spider:2)
  6 shadow dragons
  9 azure jellies
  A fire giant (Vaults:5)
  A daeva (D:13)
  11 rockslimes
  6 draconian knights
  3 protean progenitors
  7 draconian monks
  An iron dragon (Vaults:5)
  4 emperor scorpions
  4 ghost moths
  A ghoul (Swamp:4)
  2 deep elf elementalists (Elf:3)
  8 deep elf sorcerers
  3 frost giants
  19 vault wardens
  6 draconian scorchers
  3 balrugs
  A reaper (Depths:2)
  3 draconian shifters
  5 broodmothers
  An angel (D:13)
  4 draconian annihilators
  13 quicksilver oozes
  2 orc warlords
  16 ironbound preservers
  3 draconian stormcallers (Zot:1)
  4 spriggan defenders
  A demonspawn corrupter (D:1)
  11 very ugly things
  A cacodemon (Depths:2)
  A formless jellyfish (Vaults:3)
  9 stone giants
  A demonspawn blood saint (Zot:1)
  8 ironbound thunderhulks
  A caustic shrike skeleton (Depths:4)
  11 deep elf demonologists
  10 yellow draconians
  4 deep elf death magi (Elf:3)
  3 bunyips
  6 deep elf annihilators
  An eleionoma (Swamp:4)
  A vampire knight (Vaults:2)
  5 white draconians
  11 black draconians
  3 minotaurs (Vaults:4)
  2 dire elephants (Vaults:4)
  5 green draconians
  9 red draconians
  2 war gargoyles
  5 purple draconians
  A blizzard demon (Zot:1)
  An eidolon (Abyss:1)
  8 ettins
  Snorg (Lair:5)
  6 spark wasps
  A fire dragon (Depths:3)
  2 green deaths (Depths:2)
  9 yaktaur captains
  A merfolk impaler (Vaults:4)
  3 rakshasas
  6 deep elf high priests
  4 peacekeepers
  7 great orbs of eyes
  6 entropy weavers
  7 hydras
  5 ice dragons
  22 vault guards
  A hell beast (Depths:4)
  10 boulder beetles
  2 jorogumos
  An ogre mage (Swamp:4)
  2 catoblepae
  10 centaur warriors
  2 spriggan air magi (Depths:3)
  5 radroaches
  18 dancing weapons
  3 ironbound frosthearts
  2 two-headed ogres
  5 alligators
  5 hell hogs
  6 death yaks (Lair:5)
  2 deep troll earth magi
  4 orc high priests
  2 tengu warriors (D:15)
  A vampire mage (Vaults:2)
  15 demonic crawlers
  A naga warrior (Vaults:4)
  An occultist (Swamp:4)
  Urug (D:13)
  5 thrashing horrors
  18 deep elf knights
  2 hell knights (Vaults:5)
  4 spriggan berserkers (Depths:4)
  7 spriggans
  8 sun demons
  2 soul eaters
  A shadow wraith (Vaults:5)
  Nergalle (Lair:2)
  A skyshark (Lair:5)
  3 sixfirhies
  A skyshark (shapeshifter) (Vaults:5)
  A wretched star (Abyss:3)
  2 pharaoh ants
  A goliath frog (Swamp:1)
  A fire crab (shapeshifter) (D:15)
  43 deep trolls
  2 bog bodies
  A spriggan druid (Swamp:4)
  A cherub (Depths:4)
  An orb spider (shapeshifter) (Vaults:3)
  A glowing orange brain (shapeshifter) (Depths:1)
  5 orb spiders
  7 arcanists
  A sun moth (Spider:4)
  2 death drakes
  2 shadow demons
  5 swamp dragons
  4 glowing orange brains
  18 ironbound convokers
  2 deep elf archers
  4 necromancers
  10 steelbarb worms
  A phantasmal warrior (Vaults:5)
  4 lindwurms (Vaults:1)
  6 orc knights
  15 deep elf zephyrmancers
  5 orc sorcerers (Orc:2)
  22 deep elf pyromancers
  3 cyclopes
  19 wolf spiders
  6 shining eyes
  9 harpies
  4 will-o-the-wisps
  A manticore (D:15)
  An iron dragon zombie (Depths:2)
  29 ugly things
  4 large abominations
  2 worldbinders
  13 moths of wrath
  A cyclops (shapeshifter) (Vaults:5)
  A salamander (shapeshifter) (Vaults:5)
  2 kobold blastminers (Orc:2)
  A fire giant zombie (Vaults:3)
  2 human skeletons
  An eye of devastation (Slime:4)
  21 vault sentinels
  7 meliai
  5 elephants
  3 black mambas
  An apocalypse crab (Abyss:3)
  4 orange demons
  5 torpor snails
  2 gargoyles
  3 smoke demons
  5 cane toads
  2 efreet
  40 yaktaurs
  3 unseen horrors
  3 hellions (Zot:2)
  A tengu conjurer (Depths:2)
  3 ice devils
  4 komodo dragons
  2 ancient zymes (Abyss:3)
  A queen bee (shapeshifter) (D:15)
  6 trolls
  A queen bee (Spider:1)
  A bloated husk (Swamp:1)
  10 tyrant leeches
  A hellwing (Depths:2)
  A shadow dragon simulacrum (Depths:2)
  9 blink frogs
  5 hornets
  2 raiju (Lair:5)
  19 tarantellas
  12 jumping spiders
  A vampire (D:9)
  12 culicivoras
  70 slime creatures
  A shadow (D:11)
  A centaur simulacrum (D:15)
  3 air elementals
  2 nameless horrors
  3 wyverns
  7 small abominations
  A ynoxinul (Lair:5)
  22 yaks
  4 water elementals
  7 fire elementals
  3 fire bats (Depths:4)
  7 golden eyes
  6 starcursed masses
  A yak (shapeshifter) (D:13)
  3 basilisks
  A warg (Vaults:5)
  A wraith (D:11)
  A hog (shapeshifter) (Elf:1)
  6 vampire mosquitoes
  A neqoxec (Abyss:1)
  13 redbacks
  A yaktaur simulacrum (Vaults:1)
  3 chaos spawn
  9 swamp worms
  An acid dragon (D:9)
  5 hell hounds (D:13)
  6 water moccasins
  11 orc warriors
  A sky beast (D:6)
  A swamp drake (Swamp:2)
  4 ogres
  2 black bears
  A crocodile (Sewer)
  5 wolves
  A weeping skull (Abyss:1)
  2 earth elementals (Elf:2)
  A gnoll sergeant (D:12)
  5 bullfrogs
  2 scorpions
  A glowing shapeshifter simulacrum (Vaults:3)
  16 killer bees
  An electric eel (D:13)
  3 howler monkeys
  2 bombardier beetles
  A quasit (Abyss:1)
  An iron imp (Abyss:1)
  2 jellies (D:7)
  A human simulacrum (Vaults:3)
  10 orc priests
  2 hounds
  A sleepcap (D:4)
  2 iguanas
  17 orc wizards
  2 hell rats (Lair:5)
  19 gnolls
  3 adders
  2 shadow imps (D:7)
  2 white imps
  3 ufetubi
  4 ribbon worms
  6 dart slugs
  50 orcs
  7 ball pythons
  12 endoplasms
  4 giant cockroaches
  16 goblins
  12 hobgoblins
  6 jackals
  6 quokkas
  8 bats
  7 frilled lizards
  8 kobolds
  8 rats
  2 aspiring fleshes (Depths:4)
  A spectral weapon (Zot:5)
  A starspawn tentacle (Abyss:1)
1556 creatures vanquished.

Vanquished Creatures (collateral kills)
  An orb of fire (Zot:5)
  An ancient lich (Vaults:5)
  A Killer Klown (Zot:5)
  Boris (Vaults:1)
  A profane servitor (D:9)
  A Tzitzimitl (D:1)
  A Hell Sentinel (Depths:2)
  A tentacled monstrosity (Vaults:5)
  5 Orb Guardians
  A titan (Vaults:5)
  An acid blob (Slime:5)
  2 sphinxes
  A shadow dragon (Zot:4)
  2 azure jellies (Slime:4)
  3 fenstrider witches (Swamp:4)
  A draconian knight (Zot:1)
  2 frost giants
  2 deep elf sorcerers (Elf:3)
  A fire giant (Vaults:5)
  3 deep elf elementalists
  A draconian scorcher (Zot:1)
  7 vault wardens
  3 ironbound preservers
  A draconian shifter (Zot:2)
  A draconian stormcaller (Zot:3)
  A demonspawn corrupter (D:1)
  2 very ugly things
  A cacodemon (Depths:3)
  An ironbound thunderhulk (Vaults:1)
  A green draconian (Zot:1)
  2 eleionomae
  A vampire knight (Depths:1)
  A deep elf demonologist (Elf:3)
  A purple draconian (Zot:3)
  4 deep elf annihilators (Elf:3)
  Azrael (D:13)
  A deep elf death mage (Elf:3)
  2 white draconians (Zot:1)
  A lorocyproca (Abyss:2)
  2 dire elephants (Vaults:4)
  2 yellow draconians
  2 bunyips (Swamp:3)
  A spark wasp (Depths:4)
  A red draconian (Zot:5)
  A merfolk javelineer (Vaults:4)
  2 crystal guardians (Vaults:3)
  2 yaktaur captains
  2 entropy weavers
  6 hydras
  2 great orbs of eyes
  3 hell beasts
  16 vault guards
  A deep elf high priest (Elf:3)
  2 ogre magi (Swamp:4)
  An ironbound frostheart (Vaults:2)
  2 alligators
  Erica (Lair:2)
  4 centaur warriors
  2 boulder beetles (Spider:4)
  2 two-headed ogres
  9 dancing weapons
  8 demonic crawlers
  3 death yaks (Lair:5)
  An orc high priest (Orc:2)
  3 hell hogs (D:5)
  3 deep elf knights
  A sun demon (D:4)
  2 soul eaters (Swamp:4)
  3 goliath frogs
  A titan skeleton (Vaults:1)
  A skyshark (Lair:4)
  3 pharaoh ants
  A sixfirhy (Depths:3)
  7 skeletal warriors
  A cherub (D:13)
  2 swamp dragons
  6 deep trolls
  3 orb spiders (Spider:3)
  2 arcanists
  2 glowing orange brains
  2 spriggan druids (Swamp:4)
  3 sun moths (Spider:4)
  4 deep elf archers
  2 phantasmal warriors (Vaults:5)
  8 lindwurms
  2 orc knights
  A harpy (Vaults:1)
  3 bog bodies
  4 steelbarb worms
  7 deep elf pyromancers
  A harpy (shapeshifter) (Lair:5)
  4 ironbound convokers
  6 wolf spiders
  8 deep elf zephyrmancers
  A fire giant zombie (Vaults:1)
  An orc sorcerer (Orc:2)
  9 ugly things
  2 moths of wrath
  An oklob plant (Swamp:1)
  A manticore (D:14)
  A worldbinder (Abyss:1)
  3 large abominations
  9 meliai
  A human skeleton (Vaults:1)
  2 vault sentinels
  3 smoke demons
  13 slime creatures
  A meliai (shapeshifter) (Lair:5)
  2 torpor snails
  2 black mambas
  A cyclops (D:10)
  3 orange demons (Swamp:4)
  5 cane toads
  2 eyes of devastation
  3 komodo dragons
  A freezing wraith (Vaults:5)
  A tengu conjurer (Depths:3)
  7 yaktaurs
  A hellwing (Swamp:4)
  2 polar bears (Lair:5)
  2 trolls
  10 tarantellas
  6 hornets
  4 tyrant leeches
  5 dream sheep (Lair:3)
  A glass eye (Lair:4)
  28 blink frogs
  A stone giant simulacrum (Vaults:4)
  A human simulacrum (Vaults:4)
  3 spriggans
  6 culicivoras
  2 wraiths
  5 jumping spiders
  A vampire (D:10)
  15 yaks
  3 wyverns
  2 fire elementals
  4 neqoxecs
  4 basilisks
  A golden eye (Slime:2)
  A golden eye (shapeshifter) (Lair:5)
  A warg (Elf:3)
  8 redbacks
  2 vampire mosquitoes (D:10)
  3 chaos spawn
  A swamp worm (Swamp:4)
  2 acid dragons
  5 water moccasins
  A swamp drake (Swamp:4)
  20 orc warriors
  A sky beast (Abyss:1)
  An ice beast (D:8)
  7 small abominations (Lair:5)
  8 wolves
  4 bullfrogs
  A gnoll sergeant (D:13)
  6 killer bees
  2 nameless horrors
  A howler monkey (D:9)
  A crimson imp (D:10)
  5 orc priests
  A gnoll bouda (D:8)
  9 orc wizards
  2 hell rats (Lair:5)
  11 gnolls
  A shadow imp (D:8)
  An ufetubus (D:6)
  45 orcs
  6 goblins (Bailey)
  9 hobgoblins (Bailey)
587 creatures vanquished.

Vanquished Creatures (others)
  A tengu reaver (Vaults:5)
  4 draconian knights
  A frost giant (Vaults:5)
  A draconian stormcaller (Zot:1)
  An ironbound preserver (Vaults:1)
  A black draconian (Zot:5)
  A spark wasp (Depths:4)
  A vault guard (Vaults:5)
  2 deep trolls (Vaults:1)
  A wolf spider (Spider:2)
  2 bloated husks
  An ice beast (D:4)
  An orc warrior (Vaults:5)
  14 foxfires
  10 starspawn tentacles (Abyss:1)
42 creatures vanquished.

Grand Total: 2185 creatures vanquished

Notes
Turn   | Place    | Note
-------+----------+-------------------------------------------
     0 | D:1      | erker the Gnoll Earth Elementalist began the quest for the
                  | Orb.
     0 | D:1      | Reached XP level 1. HP: 13/13 MP: 6/6
    87 | D:1      | Reached XP level 2. HP: 19/19 MP: 4/7
    96 | D:1      | Found a large runed translucent door.
    96 | D:1      | Found a large runed translucent door.
   291 | D:1      | Reached skill level 5 in Spellcasting
   291 | D:1      | Reached XP level 3. HP: 25/25 MP: 3/9
   343 | D:1      | Learned a level 3 spell: Passwall
   508 | D:1      | Reached skill level 1 in Invocations
   919 | D:1      | Reached skill level 1 in Fighting
   919 | D:1      | Reached skill level 1 in Short Blades
   919 | D:1      | Reached skill level 1 in Long Blades
   919 | D:1      | Reached skill level 1 in Axes
   919 | D:1      | Reached skill level 1 in Maces & Flails
   919 | D:1      | Reached skill level 1 in Polearms
   919 | D:1      | Reached skill level 1 in Staves
   919 | D:1      | Reached skill level 1 in Ranged Weapons
   919 | D:1      | Reached skill level 1 in Throwing
   919 | D:1      | Reached skill level 1 in Armour
   919 | D:1      | Reached skill level 1 in Shields
   919 | D:1      | Reached skill level 1 in Unarmed Combat
   919 | D:1      | Reached skill level 1 in Evocations
  1142 | D:1      | Reached skill level 1 in Shapeshifting
  1142 | D:1      | Reached XP level 4. HP: 32/32 MP: 8/11
  1536 | D:2      | Reached skill level 1 in Hexes
  1536 | D:2      | Reached skill level 1 in Summonings
  1536 | D:2      | Reached skill level 1 in Necromancy
  1536 | D:2      | Reached skill level 1 in Translocations
  1536 | D:2      | Reached skill level 1 in Fire Magic
  1536 | D:2      | Reached skill level 1 in Ice Magic
  1536 | D:2      | Reached skill level 1 in Air Magic
  1536 | D:2      | Reached skill level 1 in Alchemy
  1721 | D:2      | Reached XP level 5. HP: 24/37 MP: 9/12
  2058 | D:2      | Found a faded altar of an unknown god.
  2139 | D:2      | Found a runed translucent door.
  2140 | D:2      | Noticed Crazy Yiuf
  2312 | D:3      | Noticed Sigmund
  2768 | D:4      | Found a hazy altar of Hepliaklqana.
  2861 | D:4      | Reached XP level 6. HP: 44/44 MP: 13/13
  2894 | D:4      | Found a glowing drain.
  2898 | Sewer    | Entered a sewer
  2966 | Sewer    | Learned a level 3 spell: Stone Arrow
  2989 | Sewer    | Reached skill level 2 in Polearms
  2989 | Sewer    | Reached skill level 5 in Dodging
  3183 | D:4      | Found a transporter.
  3183 | D:4      | Found Gokob's Weapon Shop.
  3286 | D:4      | Noticed an ice beast
  3320 | D:4      | Found a transporter.
  3541 | D:4      | Reached XP level 7. HP: 50/50 MP: 11/15
  3723 | D:5      | Entered Level 5 of the Dungeon
  3759 | D:5      | Noticed a yak
  3759 | D:5      | Noticed a yak
  3865 | D:5      | Reached skill level 5 in Stealth
  3872 | D:5      | Learned a level 3 spell: Summon Ice Beast
  4091 | D:5      | Noticed a yak
  4091 | D:5      | Noticed a yak
  4554 | D:6      | Reached skill level 3 in Polearms
  4554 | D:6      | Reached XP level 8. HP: 58/58 MP: 12/16
  5018 | D:7      | Found a blossoming altar of Fedhas.
  5019 | D:7      | Found a shimmering blue altar of Sif Muna.
  5020 | D:7      | Found a shadowy altar of Dithmenos.
  5020 | D:7      | Found a glowing silver altar of Zin.
  5051 | D:7      | Found a staircase to the Ecumenical Temple.
  5095 | Temple   | Entered the Ecumenical Temple
  5145 | Temple   | Became a worshipper of Cheibriados the Contemplative
  5696 | D:5      | Killed a yak
  5824 | D:5      | Killed a yak
  5911 | D:5      | Killed a yak
  5916 | D:5      | Killed a yak
  5917 | D:5      | Reached skill level 4 in Polearms
  5917 | D:5      | Reached XP level 9. HP: 65/65 MP: 3/18
  6079 | D:8      | Noticed a hornet
  6085 | D:8      | Killed a hornet
  6096 | D:8      | Found a flagged portal.
  6118 | D:8      | Noticed a two-headed ogre
  6129 | Bailey   | Entered a bailey
  6135 | Bailey   | Learned a level 4 spell: Summon Lightning Spire
  6156 | Bailey   | Reached * piety under Cheibriados
  6390 | Bailey   | Reached skill level 5 in Invocations
  6462 | Bailey   | Reached ** piety under Cheibriados
  6624 | Bailey   | Noticed an orc warlord
  6653 | Bailey   | Learned a level 4 spell: Petrify
  6686 | Bailey   | Killed an orc warlord
  6687 | Bailey   | Reached skill level 5 in Fighting
  6687 | Bailey   | Reached skill level 5 in Short Blades
  6687 | Bailey   | Reached skill level 5 in Long Blades
  6687 | Bailey   | Reached skill level 5 in Axes
  6687 | Bailey   | Reached skill level 5 in Maces & Flails
  6687 | Bailey   | Reached skill level 5 in Polearms
  6687 | Bailey   | Reached skill level 5 in Staves
  6687 | Bailey   | Reached skill level 5 in Ranged Weapons
  6687 | Bailey   | Reached skill level 5 in Throwing
  6687 | Bailey   | Reached skill level 5 in Armour
  6687 | Bailey   | Reached skill level 5 in Shields
  6687 | Bailey   | Reached skill level 5 in Unarmed Combat
  6687 | Bailey   | Reached skill level 5 in Evocations
  6687 | Bailey   | Reached XP level 10. HP: 38/74 MP: 10/20
  6909 | D:8      | Killed a two-headed ogre
  6910 | D:8      | Reached skill level 5 in Conjurations
  6910 | D:8      | Reached skill level 5 in Shapeshifting
  7058 | D:8      | Reached *** piety under Cheibriados
  7446 | D:8      | Acquired the amulet of Quimeima {RegenMP rElec Str+4 Dex+3}
  7480 | D:8      | Learned a level 5 spell: Freezing Cloud
  7523 | D:9      | Reached **** piety under Cheibriados
  7529 | D:9      | Killed an unseen horror
  7734 | D:9      | Found a sacrificial altar of Ru.
  7791 | D:9      | Reached skill level 6 in Polearms
  7801 | D:9      | Reached skill level 5 in Hexes
  7801 | D:9      | Reached skill level 5 in Summonings
  7801 | D:9      | Reached skill level 5 in Necromancy
  7801 | D:9      | Reached skill level 5 in Translocations
  7801 | D:9      | Reached skill level 5 in Fire Magic
  7801 | D:9      | Reached skill level 5 in Ice Magic
  7801 | D:9      | Reached skill level 5 in Air Magic
  7801 | D:9      | Reached skill level 5 in Alchemy
  7821 | D:9      | Reached XP level 11. HP: 15/81 MP: 14/23
  7827 | D:9      | Found a stormy altar of Qazlal.
  8156 | D:9      | Found a staircase to the Orcish Mines.
  8259 | D:9      | Reached ***** piety under Cheibriados
  8321 | D:10     | Entered Level 10 of the Dungeon
  8357 | D:10     | Identified the staff "Giantbane" {Dex+2 Earth}
  8357 | D:10     | Noticed an arcanist
  8357 | D:10     | Noticed a boulder beetle
  8357 | D:10     | Noticed an orc knight
  8404 | D:10     | Noticed a white ugly thing
  8405 | D:10     | Noticed a cyclops
  8566 | D:10     | Found a staircase to the Lair.
  8575 | Lair:1   | Entered Level 1 of the Lair of Beasts
  8624 | Lair:1   | Noticed a wolf spider
  8645 | Lair:1   | Noticed a wolf spider
  8660 | Lair:1   | Killed a wolf spider
  8668 | Lair:1   | Killed a wolf spider
  9036 | Lair:2   | Noticed a six-headed hydra
  9036 | Lair:2   | Noticed Erica
  9112 | Lair:2   | Found a staircase to the Swamp.
  9120 | Lair:2   | Noticed a seven-headed hydra
  9129 | Lair:2   | Noticed a boulder beetle
  9151 | Lair:2   | Killed a boulder beetle
  9152 | Lair:2   | Reached skill level 7 in Polearms
  9162 | Lair:2   | Reached XP level 12. HP: 91/91 MP: 19/24
  9231 | Lair:2   | Killed a six-headed hydra
  9321 | Lair:2   | Killed Erica
  9399 | Lair:2   | Noticed Nergalle
  9510 | Lair:4   | Noticed a skyshark
  9518 | Lair:4   | Killed a skyshark
  9626 | Lair:4   | Reached ****** piety under Cheibriados
  9677 | Lair:4   | Found a viscous altar of Jiyva.
  9685 | Lair:4   | Found a staircase to the Slime Pits.
  9704 | Lair:4   | Noticed a seven-headed hydra
  9709 | Lair:4   | Killed a seven-headed hydra
  9764 | Lair:5   | Entered Level 5 of the Lair of Beasts
  9764 | Lair:5   | Noticed a death yak
  9764 | Lair:5   | Noticed a death yak
  9774 | Lair:5   | Noticed a death yak
  9775 | Lair:5   | Noticed a death yak
  9777 | Lair:5   | Noticed a death yak
  9778 | Lair:5   | Killed a death yak
  9779 | Lair:5   | Reached skill level 8 in Polearms
  9784 | Lair:5   | Killed a death yak
  9786 | Lair:5   | Killed a death yak
  9786 | Lair:5   | Killed a death yak
  9787 | Lair:5   | Reached XP level 13. HP: 84/98 MP: 1/26
 10116 | Lair:5   | Reached skill level 10 in Spellcasting
 10142 | Lair:5   | Identified the +0 chain mail of Valiance {rElec rC+ Dex+5}
 10227 | Lair:5   | Noticed Snorg
 10236 | Lair:5   | Killed Snorg
 10375 | Lair:5   | Reached skill level 10 in Dodging
 10410 | Lair:5   | Got an earthy gem with 727 turns to spare
 10566 | Lair:5   | Reached skill level 9 in Polearms
 10573 | Lair:5   | Identified the +5 quarterstaff of Pandemonium {venom, rC+}
 10615 | Lair:5   | Reached skill level 10 in Stealth
 10712 | Lair:5   | Reached XP level 14. HP: 57/108 MP: 28/28
 10731 | Lair:5   | Reached skill level 10 in Invocations
 10779 | Lair:5   | Found a corrupted altar of Lugonu.
 10779 | Lair:5   | Found a one-way gate to the infinite horrors of the Abyss.
 11710 | Lair:3   | Learned a level 5 spell: Borgnjor's Vile Clutch
 11789 | Lair:3   | Found a hole to the Spider Nest.
 12080 | Lair:2   | Killed Nergalle
 12623 | Orc:1    | Entered Level 1 of the Orcish Mines
 12708 | Orc:2    | Entered Level 2 of the Orcish Mines
 12871 | Orc:2    | Found Piguoll's Antique Armour Shoppe.
 12871 | Orc:2    | Found Yboefargh's Assorted Antiques.
 12873 | Orc:2    | Found Ikhuixat's Armour Shoppe.
 12873 | Orc:2    | Found Caleah's Book Shop.
 12884 | Orc:2    | Bought a scroll of identify for 60 gold pieces
 12891 | Orc:2    | Bought a pair of glowing gloves for 142 gold pieces
 12895 | Orc:2    | Bought a book of the Warp for 504 gold pieces
 12988 | Orc:2    | Found a staircase to the Elven Halls.
 13040 | Orc:2    | Paralysed by an orc sorcerer for 5 turns
 13248 | Orc:2    | Reached skill level 10 in Earth Magic
 13794 | Orc:2    | Bought the -2 hat of the Alchemist {rElec rPois rF+ rC+ rN+
                  | Will+ rMut rCorr} for 802 gold pieces
 13794 | Orc:2    | Found the -2 hat of the Alchemist {rElec rPois rF+ rC+ rN+
                  | Will+ rMut rCorr}
 14036 | Swamp:1  | Entered Level 1 of the Swamp
 14106 | Swamp:2  | Reached skill level 10 in Fighting
 14106 | Swamp:2  | Reached skill level 10 in Short Blades
 14106 | Swamp:2  | Reached skill level 10 in Long Blades
 14106 | Swamp:2  | Reached skill level 10 in Axes
 14106 | Swamp:2  | Reached skill level 10 in Maces & Flails
 14106 | Swamp:2  | Reached skill level 10 in Polearms
 14106 | Swamp:2  | Reached skill level 10 in Staves
 14106 | Swamp:2  | Reached skill level 10 in Ranged Weapons
 14106 | Swamp:2  | Reached skill level 10 in Throwing
 14106 | Swamp:2  | Reached skill level 10 in Armour
 14106 | Swamp:2  | Reached skill level 10 in Shields
 14106 | Swamp:2  | Reached skill level 10 in Unarmed Combat
 14106 | Swamp:2  | Reached skill level 10 in Evocations
 14182 | Swamp:2  | Reached XP level 15. HP: 101/115 MP: 26/30
 14303 | Swamp:4  | Entered Level 4 of the Swamp
 14508 | Swamp:4  | Noticed a ghoul
 14534 | Swamp:4  | Killed a ghoul
 14600 | Swamp:4  | Noticed a tentacled monstrosity
 14627 | Swamp:4  | Killed a tentacled monstrosity
 14769 | Swamp:4  | Paralysed by an ogre mage for 2 turns
 14782 | Swamp:4  | Noticed a fenstrider witch
 14788 | Swamp:4  | Killed a fenstrider witch
 14802 | Swamp:4  | Noticed a fenstrider witch
 14808 | Swamp:4  | Killed a fenstrider witch
 14838 | Swamp:4  | Noticed a fenstrider witch
 14841 | Swamp:4  | Paralysed by a fenstrider witch for 5 turns
 14849 | Swamp:4  | Killed a fenstrider witch
 14895 | Swamp:4  | Got a mossy gem with 477 turns to spare
 14899 | Swamp:4  | Got a decaying rune of Zot
 15439 | Swamp:3  | Noticed a thorn hunter
 15446 | Swamp:3  | Killed a thorn hunter
 15447 | Swamp:3  | Reached skill level 10 in Shapeshifting
 15492 | Swamp:3  | Reached XP level 16. HP: 105/124 MP: 30/32
 15574 | Swamp:3  | Reached skill level 11 in Polearms
 15738 | Swamp:3  | Noticed a thorn hunter
 15747 | Swamp:3  | Killed a thorn hunter
 16731 | Swamp:1  | Noticed a thorn hunter
 16736 | Swamp:1  | Killed a thorn hunter
 17604 | Spider:1 | Entered Level 1 of the Spider Nest
 17713 | Spider:1 | Identified the +0 ring mail of Tifi {rC+ Str+4 Dex+2}
 18073 | Spider:2 | Noticed Roxanne
 18088 | Spider:3 | Reached skill level 10 in Conjurations
 18373 | Spider:4 | Entered Level 4 of the Spider Nest
 18432 | Spider:4 | Reached XP level 17. HP: 67/133 MP: 28/33
 18470 | Spider:4 | Identified the +5 leather armour of Hyudgh {Dex+6}
 18515 | Spider:4 | Reached skill level 10 in Hexes
 18515 | Spider:4 | Reached skill level 10 in Summonings
 18515 | Spider:4 | Reached skill level 10 in Necromancy
 18515 | Spider:4 | Reached skill level 10 in Translocations
 18515 | Spider:4 | Reached skill level 10 in Fire Magic
 18515 | Spider:4 | Reached skill level 10 in Ice Magic
 18515 | Spider:4 | Reached skill level 10 in Air Magic
 18515 | Spider:4 | Reached skill level 10 in Alchemy
 18619 | Spider:4 | Learned a level 2 spell: Sublimation of Blood
 18741 | Spider:4 | Reached skill level 12 in Polearms
 18788 | Spider:4 | Got a gossamer rune of Zot
 18816 | Spider:4 | Got a milky-white gem with 596 turns to spare
 20082 | Spider:3 | Noticed Agnes
 20234 | Spider:3 | Killed Agnes
 21698 | Spider:2 | Reached XP level 18. HP: 124/141 MP: 32/35
 21982 | Spider:2 | Reached XP level 19. HP: 148/148 MP: 36/36
 22681 | Spider:2 | Killed Roxanne
 23006 | Spider:1 | Noticed Jorgrun
 23033 | Spider:1 | Killed Jorgrun
 23594 | Spider:1 | Identified the +1 shadow dragon scales "Fumeh" {rElec rN++
                  | Int+2 Stlth++++}
 23908 | Lair:3   | Learned a level 5 spell: Summon Mana Viper
 24938 | D:10     | Reached skill level 13 in Polearms
 25366 | D:9      | Identified the +0 leather armour of the Shrike {rPois Dex-4
                  | Stlth+}
 25537 | Elf:1    | Entered Level 1 of the Elven Halls
 25585 | Elf:1    | Found Cennet Acsinn's Assorted Antiques.
 25623 | Elf:1    | Bought a potion of curing for 93 gold pieces
 25623 | Elf:1    | Bought 2 potions of curing for 186 gold pieces
 25896 | Elf:2    | Found a huge runed translucent gate.
 25896 | Elf:2    | Found a huge runed translucent gate.
 25896 | Elf:2    | Found a huge runed translucent gate.
 25897 | Elf:2    | Found a huge runed translucent gate.
 25898 | Elf:2    | Found a huge runed translucent gate.
 26057 | Elf:2    | Learned a level 5 spell: Yara's Violent Unravelling
 26058 | Elf:3    | Entered Level 3 of the Elven Halls
 26324 | Elf:3    | Reached XP level 20. HP: 125/157 MP: 31/38
 26407 | Elf:3    | Identified the +7 rapier "Utex" {flame, rElec rF- rCorr
                  | Int+6}
 26474 | Elf:3    | Identified the ring of Yreagu {AC+4 Stlth+}
 26593 | Elf:3    | Identified the +5 quarterstaff of Damp Conscience {heavy,
                  | rC- Will- Str+3 Int+7}
 26600 | Elf:3    | Noticed a Brimstone Fiend
 26668 | Elf:3    | Identified the amulet "Sooffos" {RegenMP Str+3}
 26668 | Elf:3    | Identified the ring of Wigg {rC+ rN+ Will- AC+4 Stlth+}
 26684 | Elf:3    | Reached skill level 15 in Invocations
 26711 | Elf:3    | Identified the +2 ring mail "Rifavuv" {Rampage ^Drain rPois
                  | Will+++}
 26716 | Elf:3    | Identified the +6 long sword "Uboenus" {heavy, rN+ Str+4
                  | SInv}
 26754 | Elf:3    | Found the +3 robe of Clouds {*Thunder rCloud rElec}
 26774 | Elf:3    | Got a shimmering gem with 77 turns to spare
 27527 | Elf:2    | Got the Reference Book on Virulence
 27700 | Elf:2    | Reached skill level 14 in Polearms
 28509 | Elf:1    | Found a huge runed translucent gate.
 28510 | Elf:1    | Found a huge runed translucent gate.
 28529 | Elf:1    | Found a huge runed translucent gate.
 28529 | Elf:1    | Found a huge runed translucent gate.
 28529 | Elf:1    | Found a huge runed translucent gate.
 28529 | Elf:1    | Found a huge runed translucent gate.
 28529 | Elf:1    | Found a huge runed translucent gate.
 28530 | Elf:1    | Found a huge runed translucent gate.
 28530 | Elf:1    | Found a huge runed translucent gate.
 28530 | Elf:1    | Found a huge runed translucent gate.
 28530 | Elf:1    | Found a huge runed translucent gate.
 28531 | Elf:1    | Found a huge runed translucent gate.
 28531 | Elf:1    | Found a huge runed translucent gate.
 28531 | Elf:1    | Found a huge runed translucent gate.
 28531 | Elf:1    | Found a huge runed translucent gate.
 28531 | Elf:1    | Found a huge runed translucent gate.
 28531 | Elf:1    | Found a huge runed translucent gate.
 28531 | Elf:1    | Found a huge runed translucent gate.
 28531 | Elf:1    | Found a huge runed translucent gate.
 28531 | Elf:1    | Found a huge runed translucent gate.
 29479 | Orc:2    | Bought a scroll of enchant armour for 225 gold pieces
 29479 | Orc:2    | Bought 2 potions of curing for 180 gold pieces
 29479 | Orc:2    | Bought a scroll labelled HEIRAN HIC QEC for 30 gold pieces
 29497 | Orc:2    | Learned a level 6 spell: Summon Cactus Giant
 29637 | D:11     | Found Pestruofro's Antique Weapon Emporium.
 30584 | D:12     | Reached XP level 21. HP: 165/165 MP: 39/39
 31431 | D:12     | Found a glowing golden altar of the Shining One.
 31646 | D:13     | Reached skill level 15 in Spellcasting
 31950 | D:13     | Found a faded altar of an unknown god.
 31952 | D:13     | Found a hazy altar of Hepliaklqana.
 31952 | D:13     | Found a faded altar of an unknown god.
 32012 | D:13     | Noticed Urug
 32035 | D:13     | Killed Urug
 32159 | D:13     | Noticed Azrael
 32184 | D:13     | Killed Azrael
 32708 | D:14     | Learned a level 6 spell: Dispersal
 32814 | D:14     | Reached skill level 15 in Dodging
 33091 | D:14     | Found a gate to the Vaults.
 33365 | D:15     | Entered Level 15 of the Dungeon
 33702 | D:15     | Reached skill level 15 in Polearms
 33705 | D:15     | Reached skill level 15 in Stealth
 34036 | D:15     | Found a portal to a secret trove of treasure.
 34157 | D:15     | Found a staircase to the Depths.
 34393 | Vaults:1 | Entered Level 1 of the Vaults
 34654 | Vaults:1 | Noticed Boris
 34686 | Vaults:1 | Killed Boris
 34996 | Vaults:3 | Reached XP level 22. HP: 41/174 MP: 22/41
 35030 | Vaults:3 | Reached skill level 16 in Polearms
 35052 | Vaults:3 | Reached skill level 15 in Fighting
 35052 | Vaults:3 | Reached skill level 15 in Short Blades
 35052 | Vaults:3 | Reached skill level 15 in Long Blades
 35052 | Vaults:3 | Reached skill level 15 in Axes
 35052 | Vaults:3 | Reached skill level 15 in Maces & Flails
 35052 | Vaults:3 | Reached skill level 15 in Staves
 35052 | Vaults:3 | Reached skill level 15 in Ranged Weapons
 35052 | Vaults:3 | Reached skill level 15 in Throwing
 35052 | Vaults:3 | Reached skill level 15 in Armour
 35052 | Vaults:3 | Reached skill level 15 in Shields
 35052 | Vaults:3 | Reached skill level 15 in Unarmed Combat
 35052 | Vaults:3 | Reached skill level 15 in Evocations
 35486 | Vaults:3 | Acquired erker's Vellum of the Snowflakes and Blows
 35496 | Vaults:3 | Learned a level 5 spell: Irradiate
 35496 | Vaults:3 | You fall into a shaft and drop 1 floor!
 35535 | Vaults:5 | Entered Level 5 of the Vaults
 35563 | Vaults:5 | Identified the ring of Eternal Night {rN++ Will- Int+6
                  | Slay+6}
 35598 | Vaults:5 | Identified the +8 dagger of the Beast {freeze, rC+ Int+2}
 35760 | Vaults:5 | Got the Codex of Hyperbolic Lava
 35788 | Vaults:5 | Identified the +1 long sword of Toothy Tenacity {holy,
                  | Will- Str+8 Int+3 Dex+2}
 35884 | Vaults:5 | Noticed a golden dragon
 35899 | Vaults:5 | Killed a golden dragon
 36005 | Vaults:5 | Identified the +5 falchion of Unnoocink {freeze, rElec
                  | Will- MP+9 Dex+4}
 36005 | Vaults:5 | Identified the +2 scale mail of the Morning {Int+3}
 36092 | Vaults:5 | Got a shining gem with 1372 turns to spare
 36094 | Vaults:5 | Got a silver rune of Zot
 36272 | Vaults:5 | Identified the ring "Fahayn" {Fire rElec Stlth+}
 36276 | Vaults:5 | Noticed an ancient lich
 36299 | Vaults:5 | Killed an ancient lich
 36325 | Vaults:5 | Reached skill level 17 in Polearms
 36492 | Vaults:5 | Identified the staff "Inan" {rPois rF- rCorr Str+9 Stlth-
                  | Alchemy}
 36562 | Vaults:5 | Reached XP level 23. HP: 129/182 MP: 41/43
 36572 | Vaults:5 | Noticed an ancient lich
 36573 | Vaults:5 | Identified the +2 morningstar of Trauma {drain, rPois Dex+5
                  | SInv}
 36596 | Vaults:5 | Killed an ancient lich
 36841 | Vaults:5 | Noticed a golden dragon
 36874 | Vaults:5 | Noticed a dread lich
 36893 | Vaults:5 | Killed a dread lich
 37201 | Vaults:5 | Identified the +0 leather armour of Midnight {Will+ Str+4}
 37424 | Vaults:5 | Reached skill level 15 in Necromancy
 38097 | Vaults:4 | Found Muopahyg's Jewellery Shoppe.
 38229 | Vaults:4 | Bought the ring "Wuucs" {rElec rC+ Will+ AC+4} for 1377
                  | gold pieces
 38261 | Vaults:4 | Found a runed translucent gate.
 38261 | Vaults:4 | Found a runed translucent gate.
 38262 | Vaults:4 | Found a runed translucent gate.
 38262 | Vaults:4 | Noticed DizzySkin's ghost (veteran MiBe)
 38336 | Vaults:4 | Noticed Mara
 38339 | Vaults:4 | Noticed erker's illusion
 38590 | Vaults:4 | Identified the +9 trident "Buarym" {distort, rElec Dex+3}
 38722 | Vaults:4 | Identified the +0 robe of the Taurataur {Fly MP+9 Str-4
                  | Int+4}
 38723 | Vaults:4 | Identified the ring of the Red Skies {rF+ rC+ Dex+2 SInv}
 38725 | Vaults:4 | Found an iron altar of Okawaru.
 38733 | Vaults:4 | Reached skill level 18 in Polearms
 38808 | Vaults:4 | Killed DizzySkin's ghost
 38947 | Vaults:4 | Killed Mara
 39276 | Vaults:4 | Reached skill level 15 in Shapeshifting
 39689 | Vaults:3 | Found Axkogeil's General Store.
 39696 | Vaults:3 | Bought a scroll of teleportation for 63 gold pieces
 39696 | Vaults:3 | Bought a scroll of blinking for 157 gold pieces
 40122 | Vaults:3 | Identified the +0 robe of Peek-a-Boo {rPois}
 40338 | Vaults:2 | Reached XP level 24. HP: 156/190 MP: 43/43
 40498 | Vaults:2 | You fall into a shaft and drop 1 floor!
 41274 | Vaults:2 | Reached skill level 15 in Earth Magic
 41534 | Vaults:2 | Found a staircase to the Crypt.
 42771 | Lair:5   | Voluntarily entered the Abyss.
 42930 | Abyss:1  | Reached skill level 19 in Polearms
 43195 | Abyss:2  | Noticed an ancient lich
 43223 | Abyss:2  | Killed an ancient lich
 43238 | Abyss:2  | Found a corrupted altar of Lugonu.
 43331 | Abyss:3  | Got an abyssal rune of Zot
 43404 | Abyss:3  | Found a transporter.
 43407 | Abyss:3  | Found a transporter.
 43410 | Abyss:3  | Found a corrupted altar of Lugonu.
 43431 | Lair:5   | Escaped the Abyss
 43551 | Slime:1  | Entered Level 1 of the Pits of Slime
 43570 | Slime:1  | Learned a level 7 spell: Enfeeble
 43691 | Slime:2  | Learned a level 4 spell: Ignite Poison
 43692 | Slime:3  | Found a viscous altar of Jiyva.
 43746 | Slime:5  | Entered Level 5 of the Pits of Slime
 43834 | Slime:4  | Reached XP level 25. HP: 200/200 MP: 15/44
 44034 | Slime:5  | Found a viscous altar of Jiyva.
 44232 | Slime:5  | Noticed the Royal Jelly
 44458 | Slime:5  | Killed the Royal Jelly
 44551 | Slime:5  | Got Guff's Annotations on Blinking Heat
 44554 | Slime:5  | Got a slimy rune of Zot
 44568 | Slime:5  | Identified the +0 leather armour of the Pleiades {*Corrode
                  | rN+ Str+4}
 44577 | Slime:5  | Identified the amulet of Ythret {Acrobat Harm Slay+2}
 44603 | Slime:5  | Got the Lectures on the Mesa and Anathema
 44614 | Slime:5  | Identified the +2 helmet of Hiedwy {rCorr}
 44639 | Slime:5  | Got Jolyiq's Quotidian Theurgy
 44652 | Slime:5  | Identified the +4 pair of boots of Qeubus {rF+++ rN+ MP+9
                  | SInv}
 44995 | Depths:1 | Entered Level 1 of the Depths
 45030 | Depths:2 | Found Vokhopue's Armour Emporium.
 45380 | Depths:3 | Found a gateway to Hell.
 45417 | Depths:4 | Entered Level 4 of the Depths
 45426 | Depths:4 | Reached skill level 20 in Polearms
 45638 | Depths:4 | Found a gate to the Realm of Zot.
 45670 | Depths:4 | Got a midnight gem with 1956 turns to spare
 45681 | Depths:4 | Reached skill level 15 in Conjurations
 45760 | Zot:1    | Entered Level 1 of the Realm of Zot
 45760 | Zot:1    | Found the +4 dragonskin cloak
 45760 | Zot:1    | Noticed Tiamat
 46685 | Zot:1    | Reached skill level 15 in Hexes
 46685 | Zot:1    | Reached skill level 15 in Summonings
 46685 | Zot:1    | Reached skill level 15 in Translocations
 46685 | Zot:1    | Reached skill level 15 in Fire Magic
 46685 | Zot:1    | Reached skill level 15 in Ice Magic
 46685 | Zot:1    | Reached skill level 15 in Air Magic
 46685 | Zot:1    | Reached skill level 15 in Alchemy
 46895 | Zot:2    | Reached XP level 26. HP: 183/210 MP: 45/45
 47146 | Zot:4    | Noticed an orb of fire
 47168 | Zot:4    | Killed an orb of fire
 47276 | Zot:5    | Entered Level 5 of the Realm of Zot
 47309 | Zot:5    | Found a runed translucent door.
 47350 | Zot:5    | Got a prismatic gem with 153 turns to spare
 47477 | Zot:1    | Reached skill level 21 in Polearms
 48080 | Zot:1    | Killed Tiamat
 48587 | Zot:5    | Noticed Heisao's ghost (legendary TrBe)
 48680 | Zot:5    | Noticed a dread lich
 48681 | Zot:5    | Noticed a dread lich
 48689 | Zot:5    | Noticed a Killer Klown
 48689 | Zot:5    | Noticed an orb of fire
 48691 | Zot:5    | Noticed an orb of fire
 48691 | Zot:5    | Noticed a Killer Klown
 48692 | Zot:5    | Noticed an ancient lich
 48693 | Zot:5    | Noticed a dread lich
 48694 | Zot:5    | Noticed a dread lich
 48728 | Zot:5    | Noticed a Killer Klown
 48741 | Zot:5    | Killed a Killer Klown
 48782 | Zot:5    | Killed a Killer Klown
 48913 | Zot:5    | Killed an orb of fire
 48942 | Zot:5    | Killed an orb of fire
 49018 | Zot:5    | Noticed a dread lich
 49034 | Zot:5    | Killed a dread lich
 49045 | Zot:5    | Killed a dread lich
 49046 | Zot:5    | Reached XP level 27. HP: 219/219 MP: 29/45
 49137 | Zot:5    | Killed an ancient lich
 49142 | Zot:5    | Noticed an orb of fire
 49144 | Zot:5    | Gained mutation: Your body sometimes deteriorates upon
                  | taking damage. [an orb of fire]
 49148 | Zot:5    | Gained mutation: You are clumsy. (Dex -2) [an orb of fire]
 49148 | Zot:5    | Gained mutation: Armour fits poorly on your strangely
                  | shaped body. [an orb of fire]
 49153 | Zot:5    | Noticed a dread lich
 49169 | Zot:5    | Noticed a dread lich
 49170 | Zot:5    | Killed a dread lich
 49212 | Zot:5    | Killed a dread lich
 49214 | Zot:5    | Paralysed by a dread lich for 2 turns
 49258 | Zot:5    | Killed a dread lich
 49262 | Zot:5    | Killed a dread lich
 49347 | Zot:5    | Lost mutation: You are clumsy. (Dex -2) [potion of
                  | mutation]
 49347 | Zot:5    | Lost mutation: Your body sometimes deteriorates upon taking
                  | damage. [potion of mutation]
 49347 | Zot:5    | Gained mutation: You are vulnerable to heat. (rF-) [potion
                  | of mutation]
 49347 | Zot:5    | Lost mutation: You are vulnerable to heat. (rF-) [potion of
                  | mutation]
 49418 | Zot:5    | Reached skill level 22 in Polearms
 49509 | Zot:5    | Killed a dread lich
 49578 | Zot:5    | Killed an orb of fire
 49643 | Zot:5    | Got the Orb of Zot
 49769 | Zot:3    | Noticed Boris
 49782 | Zot:3    | Killed Boris
 50089 | Depths:3 | Found a shadowy altar of Dithmenos.
 50124 | Depths:2 | Noticed Boris
 50131 | Depths:2 | Noticed Vv
 50177 | Depths:2 | Killed Boris
 50326 | D:15     | Noticed a seraph
 50372 | D:13     | Noticed a seraph
 50383 | D:13     | Killed a seraph
 50844 | D:$      | Escaped with the Orb!

Illustrated notes

Levels and vault maps discovered:
D:1:      erik_arrival_cave_to_civilisation [erik_arrival_cave_to_temple],
          layout_basic, minmay_fountain_box
D:2:      layout_rooms, shapermc_ecumenical_altar_notcrosses, minmay_mini_jars,
          uniq_crazy_yiuf_cottage
D:3:      layout_basic, grunt_decor_one_mirror, uniq_sigmund
D:4:      layout_basic, mainiacjoe_overflow_tiny_flanked, serial_shops,
          nicolae_shop_drivethru, mainiacjoe_sewer_entry_somewhere_in_here_2
D:5:      layout_rooms, minmay_liquid_box
D:6:      layout_loops_ring
D:7:      layout_rooms, chequers_temple_overflow_statue_of_worship,
          minmay_temple_entry_large_hall
D:8:      layout_rooms, enter_bailey_2
D:9:      layout_cave_pools, mainiacjoe_overflow_boulevard,
          nicolae_overflow_hidden_temple, hiddenorc2_lemuel, corner_web_ring
D:10:     minmay_tri_box, layout_cave_pools, david_lair_shrubbed, serial_glass,
          glass_columns_a, glass_columns_a, lightli_wizard_tower
D:11:     layout_basic, serial_shops, nicolae_shop_getting_attention
D:12:     layout_layer_cave, minmay_misc_feat_chi,
          nicolae_tso_swordbearing_angel
D:13:     layout_basic, minivault_4, nicolae_hepliaklqana_ecumenical_no_more,
          uniq_urug, uniq_azrael
D:14:     layout_loops_cross, hellmonk_vaults_order_and_chaos,
          hangedman_abyss_or_decor_lesser_grid, grunt_ministairs_12
D:15:     grunt_enter_depths_snipers, layout_small_grid, enter_trove_2,
          serial_bayou_lagoon_a, nicolae_zig_zag_zippers
Temple:   bh_familiar_temple
Lair:1:   layout_roguey, nicolae_lair_run_with_the_wolves
Lair:2:   layout_long_grid, swamp_mist_pool, st_stairs_12, grunt_megastairs_3,
          infiniplex_staircase_pool, lemuel_fruit_tree, uniq_nergalle,
          uniq_erica
Lair:3:   layout_concentric_octagons, hellmonk_spider_entry_life_and_decay
Lair:4:   layout_big_grid, minmay_slime_entry_eyes
Lair:5:   hellmonk_lair_end_abyssal_woods, layout_loops_ring,
          infiniplex_staircase_pool_2, grunt_megastairs_4, uniq_snorg
Swamp:1:  layout_basic_swamp, evilmike_swamp_ruin_house_1, swamp_pool_1_2,
          nicolae_swamp_oklob_treasure_island
Swamp:2:  layout_basic_swamp, evilmike_swamp_ruin_house_6, swamp_pool_1_2,
          st_swamp_ruins_1
Swamp:3:  layout_basic_swamp, evilmike_swamp_ruin_house_4, swamp_pool_1_2
Swamp:4:  nzn_swamp_witches_coven, layout_basic_swamp, swamp_pool_3
Spider:1: layout_spider_delve, special_room [special_room_bee], worms_lemuel,
          uniq_jorgrun
Spider:2: layout_chambers, uniq_roxanne
Spider:3: spider_temple_joshua, uniq_agnes
Spider:4: hellmonk_spider_rune_bug_friends, nicolae_spider_solar_radiation
Slime:1:  cheibrodos_slime_lost_civilization_3, layout_caves
Slime:2:  layout_caves, nicolae_slime_getting_an_eyeful
Slime:3:  layout_caves, basic_altar
Slime:4:  layout_caves, special_room [special_room_jelly]
Slime:5:  slime_pit_nicolae_jellycorners
Orc:1:    layout_diamond_mine, basic_altar
Orc:2:    grunt_orc_tribal_feast, layout_caves, basic_altar
Elf:1:    layout_geoelf_diagonals, hangedman_elf_represent, minmay_shop_star,
          lemuel_upstairs_altar
Elf:2:    elven_hall_of_blades_hangedman_alternative
          [nicolae_blade_entry_antechamber], layout_onion_city
Elf:3:    minmay_elf_hall_hex, layout_geoelf_octagon
Vaults:1: nicolae_vaults_rhombus_5, v_misc_29, hangedman_vaults_locks,
          nicolae_vaults_storage_room_glass,
          nicolae_vaults_surprise_closet_hard, v_misc_3,
          nicolae_vaults_alarming, v_misc_1, v_pattern_1, vaults_dpeg_ring,
          nicolae_vaults_trapezoid_1, layout_vaults_maze_snakey, uniq_boris
Vaults:2: nicolae_vaults_doubleplus_tesselated, v_pattern_3,
          minmay_crypt_entry_simple_statues, v_misc_10,
          nicolae_vaults_double_plus_1, st_lattice, vaults_room_door_ring,
          nicolae_vaults_wine_cellar, nicolae_vaults_little_squares_2,
          layout_vaults_big_room
Vaults:3: ontoclasm_vaults_idyll, nicolae_vaults_closet_pinwheel_2, st_cross,
          v_misc_3, nicolae_vaults_what_the_h, vaults_mumra_chevron,
          ontoclasm_vaults_gateway, v_misc_29, layout_vaults_omnigrid,
          serial_shops, nicolae_shop_crystal
Vaults:4: gammafunk_ghost_fury_of_okawaru, nicolae_vaults_cornered_office,
          hangedman_vaults_restitches, nicolae_vaults_stepped_doors,
          nicolae_vaults_trapezoid_3, nicolae_vaults_surprise_closet, v_misc_10,
          ontoclasm_vaults_eye, nicolae_vaults_octagons,
          nicolae_vaults_diamond_1, nicolae_vaults_hexular_roomagon,
          layout_vaults_ring, serial_shops, nicolae_square_shop, uniq_mara
Vaults:5: serial_shops
Depths:1: minmay_the_grid_triangle_9x9_recursive_3
          [minmay_the_grid_triangle_9x9_longest,
          minmay_the_grid_triangle_9x9_corruption,
          minmay_the_grid_triangle_9x9_limited_checkers,
          minmay_the_grid_triangle_9x9_prize_center,
          minmay_the_grid_triangle_9x9_empty,
          minmay_the_grid_triangle_9x9_tough_junction,
          minmay_the_grid_triangle_9x9_zippers_vertical,
          minmay_the_grid_triangle_9x9_alien,
          minmay_the_grid_triangle_9x9_negative_grid], layout_cave_shapes,
          grunt_pan_entry_zigzag, grunt_hell_entry_dis_grunt, elyvilon_altar_5,
          serial_shops, nicolae_shop_tiny_real_fake_doors,
          amcnicky_mini_rare_corridor_liquid
Depths:2: cheibrodos_poisonous_passages, layout_gridville, minmay_holes,
          serial_shops, nicolae_shop_tiny_glass, lightli_too_deep,
          abyss_entry_small_statue_room, rand_demon_pan_entry_4, uniq_vv
Depths:3: cheibrodos_hall_of_evolution, layout_cross, enter_ziggurat_c,
          minmay_misc_feat_more_columns, serial_shops, nicolae_shop_tiny_glass,
          nicolae_abyss_entry_one_way_or_another, hangedman_tar_grid_catacomb,
          grunt_dithmenos_smoke_and_mirrors, infiniplex_staircase_diamond
Depths:4: grunt_zot_entry_tricorne, layout_cave_pools, abyss_entry_crystal,
          hellmouth_1
Zot:1:    layout_onion_interference, uniq_tiamat
Zot:2:    layout_misc_corridors, hangedman_zot_wheel_spokes, drop_trap,
          hangedman_hellfire_club
Zot:3:    ebering_greatest_show_in_zot, layout_misc_corridors,
          bh_zot_lava_cross, grunt_ministairs_8
Zot:4:    layout_gridlike
Zot:5:    layout_concentric_octagons, ebering_ghost_reflecting_pool

Skill      XL: |  1  2  3  4  5  6  7  8  9 10 11 12 13 14 15 16 17 18 19 20 21 22 23 24 25 26 27 |
---------------+----------------------------------------------------------------------------------+-----
Conjurations   | 2 3 4 5 6 7 8 9 10 11 12 13 14 15 16 | 16.3
Spellcasting   | 5 6 7 8 9 10 11 12 13 14 15 16 17 18 19 | 19.5
Invocations    | 1 2 3 4 5 6 7 9 10 11 12 13 14 15 16 17 18 19 20 | 20.4
Fighting       | 1 2 3 4 5 6 7 8 9 10 11 12 13 14 15 16 17 18 | 18.9
Short Blades   | 1 2 3 4 5 6 7 8 9 10 11 12 13 14 15 16 17 18 | 18.9
Long Blades    | 1 2 3 4 5 6 7 8 9 10 11 12 13 14 15 16 17 18 | 18.9
Axes           | 1 2 3 4 5 6 7 8 9 10 11 12 13 14 15 16 17 18 | 18.9
Maces & Flails | 1 2 3 4 5 6 7 8 9 10 11 12 13 14 15 16 17 18 | 18.9
Polearms       | 1 2 3 4 5 6 7 8 9 10 11 12 13 14 15 17 18 19 20 21 22 | 22.6
Staves         | 1 2 3 4 5 6 7 8 9 10 11 12 13 14 15 16 18 19 20 | 20.5
Ranged Weapons | 1 2 3 4 5 6 7 8 9 10 11 12 13 14 15 16 17 18 | 18.9
Throwing       | 1 2 3 4 5 6 7 8 9 10 11 12 13 14 15 16 17 18 | 18.9
Armour         | 1 2 3 4 5 6 7 8 9 10 11 12 13 14 15 16 17 18 | 18.9
Shields        | 1 2 3 4 5 6 7 8 9 10 11 12 13 14 15 16 17 18 | 18.9
Unarmed Combat | 1 2 3 4 5 6 7 8 9 10 11 12 13 14 15 16 17 18 | 18.9
Evocations     | 1 2 3 4 5 6 7 8 9 10 11 12 13 14 15 16 17 18 | 18.9
Shapeshifting  | 1 2 3 4 5 6 7 8 9 10 11 12 13 14 15 16 17 | 17.5
Hexes          | 1 2 3 4 5 6 7 8 9 10 11 12 13 14 15 16 | 16.1
Summonings     | 1 2 3 4 5 6 7 8 9 10 11 12 13 14 15 16 | 16.1
Necromancy     | 1 2 3 4 5 6 7 8 9 10 11 12 13 14 15 16 17 18 19 | 19.4
Translocations | 1 2 3 4 5 6 7 8 9 10 11 12 13 14 15 16 | 16.1
Fire Magic     | 1 2 3 4 5 6 7 8 9 10 11 12 13 14 15 16 | 16.1
Ice Magic      | 1 2 3 4 5 6 7 8 9 10 11 12 13 14 15 16 | 16.1
Air Magic      | 1 2 3 4 5 6 7 8 9 10 11 12 13 14 15 16 | 16.1
Alchemy        | 1 2 3 4 5 6 7 8 9 10 11 12 13 14 15 16 | 16.1
Dodging        | 5 6 7 8 9 10 11 12 13 14 15 16 17 18 19 | 19.4
Stealth        | 5 6 7 8 9 10 11 12 13 14 15 16 17 18 19 | 19.3
Earth Magic    | 6 7 8 9 10 11 12 13 14 15 16 | 16.9

Action                     |  1- 3 |  4- 6 |  7- 9 | 10-12 | 13-15 | 16-18 | 19-21 | 22-24 | 25-27 || total
---------------------------+-------+-------+-------+-------+-------+-------+-------+-------+-------++-------
  Melee: Dagger            |    20 |    14 |    15 |    25 |     2 |    60 |    41 |    15 |    12 ||   204
         Bite              |       |     7 |     7 |    26 |    69 |   100 |   148 |   321 |   279 ||   957
         Mace              |       |   109 |    57 |    78 |       |       |       |       |       ||   244
         Punch             |       |     4 |     4 |    11 |    11 |     2 |       |       |       ||    32
         Staff             |       |       |     1 |     1 |    12 |       |       |       |       ||    14
         Morningstar       |       |       |       |     3 |       |       |     5 |       |       ||     8
         Hand axe          |       |       |       |    62 |    99 |       |       |       |       ||   161
         Scimitar          |       |       |       |       |   265 |   337 |   215 |       |       ||   817
         Unarmed           |       |       |       |       |    16 |    64 |       |       |       ||    80
         Broad axe         |       |       |       |       |       |     5 |   472 |  1220 |  1005 ||  2702
         Long sword        |       |       |       |       |       |       |   120 |   162 |   274 ||   556
  Throw: Dart              |       |       |     2 |       |     1 |       |     3 |       |     1 ||     7
         Javelin           |       |       |       |       |       |       |       |     5 |       ||     5
   Cast: Sandblast         |    30 |    67 |    42 |    12 |     6 |    11 |    35 |       |       ||   203
         Passwall          |       |     9 |    14 |     6 |     7 |    13 |    18 |     3 |    27 ||    97
         Stone Arrow       |       |     6 |     4 |     6 |     9 |     2 |     9 |       |       ||    36
         Summon Ice Beast  |       |       |    21 |    41 |    73 |    50 |    39 |       |       ||   224
         Summon Lightning  |       |       |    14 |    45 |    77 |    57 |    57 |    46 |    28 ||   324
         Petrify           |       |       |     5 |     6 |     1 |     7 |    11 |     3 |       ||    33
         Freezing Cloud    |       |       |       |     5 |    35 |    53 |    90 |    35 |    26 ||   244
         Borgnjor's Vile C |       |       |       |       |     1 |       |     3 |       |       ||     4
         Sublimation of Bl |       |       |       |       |       |     4 |    40 |    13 |    27 ||    84
         Summon Mana Viper |       |       |       |       |       |       |    73 |    56 |    83 ||   212
         Summon Cactus Gia |       |       |       |       |       |       |    17 |    28 |     3 ||    48
         Dispersal         |       |       |       |       |       |       |     3 |     3 |    20 ||    26
         Irradiate         |       |       |       |       |       |       |       |     4 |    49 ||    53
         Yara's Violent Un |       |       |       |       |       |       |       |     1 |    13 ||    14
         Enfeeble          |       |       |       |       |       |       |       |     1 |    95 ||    96
         Ignite Poison     |       |       |       |       |       |       |       |     1 |     1 ||     2
 Invoke: Slouch            |       |       |       |     1 |       |     2 |     9 |     8 |     8 ||    28
         Temporal Distorti |       |       |       |       |       |       |     1 |       |       ||     1
         Step From Time    |       |       |       |       |       |       |       |     1 |     3 ||     4
Ability: Begin Untransform |       |       |       |       |     3 |       |     2 |       |       ||     5
  Evoke: Wand              |       |     2 |     2 |     6 |     1 |     2 |     4 |    31 |    24 ||    72
         Condenser vane    |       |       |       |       |       |       |       |       |     2 ||     2
         Phantom mirror    |       |       |       |       |       |       |       |       |     2 ||     2
    Use: Potion            |       |     1 |     1 |     9 |     1 |     6 |     3 |    14 |    35 ||    70
         Scroll            |       |       |     8 |     8 |     9 |    10 |     7 |    22 |    21 ||    85
   Stab: Sleeping          |     5 |    11 |    11 |     5 |     2 |    18 |    52 |    13 |     4 ||   121
         Petrified         |       |       |     5 |     2 |     2 |     4 |     6 |     1 |       ||    20
         Distracted        |       |       |       |     5 |    21 |    21 |    15 |    32 |    36 ||   130
         Petrifying        |       |       |       |       |       |     3 |     1 |       |       ||     4
         Invisible         |       |       |       |       |       |       |       |     4 |    56 ||    60
         Confused          |       |       |       |       |       |       |       |     1 |       ||     1
 Armour: Robe              |    15 |    73 |    61 |   100 |       |       |       |       |       ||   249
         Scale mail        |       |       |       |    46 |    75 |       |       |       |       ||   121
         Pearl dragon scal |       |       |       |       |   182 |   411 |   176 |       |       ||   769
         Skin              |       |       |       |       |     1 |       |       |       |       ||     1
         Shadow dragon sca |       |       |       |       |       |       |   492 |   377 |    60 ||   929
         Gold dragon scale |       |       |       |       |       |       |       |   614 |  1220 ||  1834
  Dodge: Dodged            |    27 |    87 |    70 |   191 |   374 |   527 |   763 |   808 |   764 ||  3611
  Block: Kite shield       |       |       |       |       |   301 |   473 |   936 |  1227 |  1153 ||  4090
   Form: Flux              |       |       |       |       |     4 |       |       |       |       ||     4
         Blade             |       |       |       |       |       |     1 |       |       |       ||     1
         Statue            |       |       |       |       |       |       |     2 |       |       ||     2
                           |       |       |       |       |       |       |     1 |       |       ||     1
